 Dungeon Crawl Stone Soup version 0.21.1-1-g345015fe64 (webtiles) character file.

3315 Kohma the Covert (level 10, -4/51 HPs)
             Began as a Vine Stalker Assassin on July 12, 2018.
             Was a Follower of Uskayaw.
             Slain by a death yak (14 damage)
             ... on level 8 of the Dungeon.
             The game lasted 00:24:26 (7114 turns).

Kohma the Covert (Vine Stalker Assassin)            Turns: 7114, Time: 00:24:26

Health: -4/51      AC:  9    Str: 15    XL:     10   Next: 1%
Magic:  0/12       EV: 11    Int: 14    God:    Uskayaw [*.....]
Gold:   438        SH:  5    Dex: 15    Spells: 9/9 levels left

rFire    . . .     SeeInvis .   b - +0 blowgun
rCold    . . .     Gourm    .   C - +0 buckler
rNeg     . . .     Faith    .   q - -1 ring mail (curse)
rPois    +         Spirit   +   r - +1 helmet
rElec    .         Reflect  .   w - +1 cloak
rCorr    .         Harm     .   f - +0 pair of gloves
MR       ++...                  (no boots)
Stlth    +++.......             (no amulet)
HPRegen  0.57/turn              i - ring of poison resistance
MPRegen  0.13/turn              A - ring of protection from magic

@: no status effects
A: fangs 3, regeneration 1, magic shield, antimagic bite, no potion heal 3, rot
immunity
a: Stomp, Renounce Religion


You were on level 8 of the Dungeon.
You worshipped Uskayaw.
Uskayaw was noncommittal.
You were not hungry.

You visited 2 branches of the dungeon, and saw 9 of its levels.

You collected 562 gold pieces.
You spent 124 gold pieces at shops.

Inventory:

Hand Weapons
 a - a +2 dagger of speed
 b - a +0 blowgun (weapon)
 h - a +1 dagger of holy wrath
 j - a +2 dagger of protection
 n - a cursed -1 dagger
Missiles
 e - 35 poisoned needles (quivered)
 z - 5 tomahawks
Armour
 f - a +0 pair of gloves (worn)
 q - a cursed -1 ring mail (worn)
 r - a +1 helmet (worn)
 w - a +1 cloak (worn)
 y - a +0 ring mail
 C - a +0 buckler (worn)
 J - a cursed +0 leather armour
Jewellery
 i - a ring of poison resistance (left hand)
 s - an uncursed ring of positive energy
 A - a ring of protection from magic (right hand)
 B - a +3 ring of intelligence {unknown}
Wands
 F - a wand of polymorph (13)
Scrolls
 d - 2 scrolls of enchant armour
 m - 6 scrolls of teleportation
 t - a scroll of blinking
 u - a scroll of amnesia
Potions
 c - a potion of magic
 k - 3 potions of invisibility
 l - 7 potions of curing
 o - 2 potions of cancellation
 p - a potion of mutation {unknown}
 x - a potion of berserk rage {unknown}
 D - a potion of brilliance
 H - a potion of heal wounds {unknown}
Books
 v - a book of Minor Magic

   Spells                             Type                      Level
   a - Magic Dart                     Conjuration                  1
   b - Blink                          Translocation                2
   c - Call Imp                       Summoning                    2
   d - Slow                           Hexes                        2
   e - Conjure Flame                  Conjuration/Fire             3
   f - Mephitic Cloud                 Conjuration/Poison/Air       3
 E - a book of Flames

   Spells                             Type                      Level
   a - Flame Tongue                   Conjuration/Fire             1
   b - Throw Flame                    Conjuration/Fire             2
   c - Conjure Flame                  Conjuration/Fire             3
   d - Inner Flame                    Hexes/Fire                   3
   e - Sticky Flame                   Conjuration/Fire             4
   f - Fireball                       Conjuration/Fire             5
Comestibles
 g - 17 rations


   Skills:
 + Level 5.5 Fighting
 * Level 7.7 Short Blades
 + Level 5.5 Throwing
 - Level 2.1 Dodging
 - Level 8.0 Stealth
 - Level 4.0 Shields
 + Level 1.8 Invocations


You had 9 spell levels left.
You didn't know any spells.

Dungeon Overview and Level Annotations

Branches:
Dungeon (8/15)             Temple (1/1) D:6
   Lair: D:8-11

Altars:
Ashenzari
Cheibriados
Dithmenos
Elyvilon
Fedhas
Gozag
Hepliaklqana
Kikubaaqudgha
Makhleb
Nemelex Xobeh
Okawaru
Qazlal
Sif Muna
Trog
Uskayaw
Vehumet
Wu Jian
Xom
Yredelemnul
Zin

Shops:
D:4 *   D:8 (


Innate Abilities, Weirdness & Mutations

You have razor-sharp teeth.
Your natural rate of healing is unusually fast.
When hurt, damage is shared between your health and your magic reserves.
Your bite disrupts and absorbs the magic of your enemies.
Potions cannot restore your health.
You are immune to rotting.


Message History

You shoot a poisoned needle. The poisoned needle hits the death yak.
The death yak looks as sick as possible!
The death yak is lightly wounded.
Firing (i - inventory. (,) - cycle):
e - 37 poisoned needles (quivered)
Press: ? - help, Shift-Dir - straight line, f/p - death yak
Aim: a death yak (lightly wounded, poisoned)
You shoot a poisoned needle. The poisoned needle hits the death yak!
The death yak looks as sick as possible!
The death yak is lightly wounded.
The death yak gores you!
* * * LOW HITPOINT WARNING * * *
Firing (i - inventory. (,) - cycle):
e - 36 poisoned needles (quivered)
Press: ? - help, Shift-Dir - straight line, f/p - death yak
Aim: a death yak (lightly wounded, poisoned)
You shoot a poisoned needle.
The poisoned needle barely misses the death yak.
The poisoned needle hits the death yak!
The death yak is poisoned.
The death yak snorts and paws the ground.
The death yak gores you!!
You die...

#........### ##........######
##.........######...............
#........8..∩[.8.#.............
##....).....########..>.........
#............# ##...........
#....#....##..## #(#######...
....###.#####nY## ##(# ##..
.........# ###Y## #.(# #..
.........# ##@## #(## ..#
..######.. ##.###(# 5## .# ##.#
#.....## .. ##.....# (.( #....##
(#(# .....## ..(. ##...## ##..#
##.#


You could see 2 death yaks and a necrophage.

Vanquished Creatures
  A death yak (D:7)
  Pikel (D:6)
  Grinder (D:6)
  A hippogriff (D:7)
  Edmund (D:6)
  A water moccasin (D:4)
  2 ice beasts (D:5)
  2 slaves (D:6)
  Blork the orc (D:4)
  5 bullfrogs (D:6)
  4 scorpions
  A howler monkey (D:6)
  2 crimson imps
  3 bullfrog zombies
  A centaur zombie (D:6)
  A jelly (D:7)
  2 hounds (D:5)
  4 orc priests
  A bullfrog skeleton (D:4)
  3 orc wizards
  6 worker ants
  A hound zombie (D:5)
  A hound skeleton (D:3)
  6 adders
  A shadow imp (D:5)
  2 oozes (D:3)
  3 worms
  5 leopard geckos
  15 orcs
  2 ball pythons
  4 giant cockroaches
  A goblin (D:2)
  5 hobgoblins
  8 jackals
  4 kobolds
  5 quokkas
  10 bats
  10 frilled lizards
  2 giant cockroach zombies (D:5)
  A leopard gecko zombie (D:5)
  A quokka skeleton (D:5)
  7 rats
138 creatures vanquished.

Vanquished Creatures (others)
  A slave (D:6)
  A human (D:5)
  A quokka skeleton (D:6)
3 creatures vanquished.

Grand Total: 141 creatures vanquished

Notes
Turn   | Place    | Note
-------+----------+-------------------------------------------
     0 | D:1      | Kohma the Vine Stalker Assassin began the quest for the Orb.
     0 | D:1      | Reached XP level 1. HP: 11/11 MP: 2/2
   229 | D:1      | Reached skill level 1 in Dodging
   229 | D:1      | Reached XP level 2. HP: 15/15 MP: 3/3
   519 | D:1      | Reached skill level 5 in Stealth
   691 | D:1      | Found a blossoming altar of Fedhas.
   693 | D:1      | Found a shimmering altar of Xom.
   693 | D:1      | Found a burning altar of Makhleb.
   695 | D:1      | Found a shadowy altar of Dithmenos.
   695 | D:1      | Found a hide-covered altar of Uskayaw.
   695 | D:1      | Found a shimmering altar of Xom.
  1107 | D:2      | Found a burning altar of Makhleb.
  1107 | D:2      | Noticed a green death
  1113 | D:2      | Noticed a neqoxec
  1113 | D:2      | Noticed a ynoxinul
  1172 | D:2      | Reached XP level 3. HP: 18/18 MP: 4/4
  1174 | D:2      | Gained mutation: Your natural rate of healing is unusually fast. [Vine Stalker growth]
  1174 | D:2      | Reached XP level 4. HP: 23/23 MP: 5/5
  2042 | D:3      | Reached XP level 5. HP: 27/27 MP: 6/6
  2229 | D:3      | Found a basalt altar of Yredelemnul.
  2235 | D:3      | Noticed an ogre
  2981 | D:4      | Reached XP level 6. HP: 32/32 MP: 7/7
  2990 | D:4      | Found Kuiloe's Serpentskin Sales.
  2990 | D:4      | Noticed a water moccasin
  3022 | D:4      | Killed a water moccasin
  3030 | D:4      | Bought 12 poisoned needles for 48 gold pieces
  3248 | D:4      | Reached skill level 6 in Stealth
  3552 | D:4      | Reached XP level 7. HP: 32/36 MP: 8/8
  3591 | D:4      | Noticed Blork the orc
  3641 | D:4      | Killed Blork the orc
  4026 | D:5      | Entered Level 5 of the Dungeon
  4098 | D:5      | Reached skill level 5 in Short Blades
  4171 | D:5      | Found an opulent altar of Gozag.
  4218 | D:5      | Gained mutation: You have razor-sharp teeth. [Vine Stalker growth]
  4218 | D:5      | Reached XP level 8. HP: 38/42 MP: 9/9
  4258 | D:5      | Found a snail-covered altar of Cheibriados.
  4318 | D:5      | Found a shadowy altar of Dithmenos.
  4347 | D:5      | Reached skill level 7 in Stealth
  4491 | D:5      | Found a blossoming altar of Fedhas.
  4587 | D:5      | Found an ancient bone altar of Kikubaaqudgha.
  4665 | D:5      | Reached skill level 1 in Shields
  4856 | D:6      | Noticed Pikel
  4966 | D:6      | Noticed Grinder
  5017 | D:6      | Killed Pikel
  5017 | D:6      | Reached XP level 9. HP: 21/46 MP: 7/10
  5119 | D:6      | Killed Grinder
  5243 | D:6      | Noticed Edmund
  5258 | D:6      | Reached skill level 8 in Stealth
  5304 | D:6      | Killed Edmund
  5369 | D:6      | Found a hazy altar of Hepliaklqana.
  5375 | D:6      | Found a staircase to the Ecumenical Temple.
  5384 | Temple   | Entered the Ecumenical Temple
  5432 | Temple   | Became a worshipper of Uskayaw the Reveler
  5554 | D:6      | Reached * piety under Uskayaw
  5582 | D:6      | Found a deep blue altar of Sif Muna.
  5601 | D:6      | Reached ** piety under Uskayaw
  5607 | D:6      | Reached *** piety under Uskayaw
  5611 | D:6      | Reached **** piety under Uskayaw
  5680 | D:6      | Found an iron altar of Okawaru.
  5975 | D:7      | Reached skill level 5 in Fighting
  5975 | D:7      | Reached skill level 5 in Throwing
  6557 | D:8      | Found Diohoqud's Weapon Boutique.
  6588 | D:8      | Bought 19 poisoned needles for 76 gold pieces
  6608 | D:8      | Noticed a death yak
  6611 | D:8      | Noticed a death yak
  6636 | D:8      | Noticed a death yak
  6672 | D:7      | Killed a death yak
  6672 | D:7      | Reached skill level 1 in Invocations
  6672 | D:7      | Reached XP level 10. HP: 35/51 MP: 10/12
  6792 | D:8      | Noticed a death yak
  6798 | D:8      | Noticed a death yak
  6829 | D:7      | HP: 2/51 [death yak (9)]
  7114 | D:8      | Slain by a death yak

Skill      XL: |  1  2  3  4  5  6  7  8  9 |
---------------+----------------------------+-----
Short Blades   | 2 3 4 5 6 7 |  7.7
Dodging        | 1 2 |  2.1
Stealth        | 5 6 7 8 |  8.0
Throwing       | 2 3 4 5 |  5.5
Fighting       | 2 3 4 5 |  5.5
Shields        | 3 4 |  4.0
Invocations    | 1 |  1.8

Action                   |  1- 3 |  4- 6 |  7- 9 | 10-12 || total
-------------------------+-------+-------+-------+-------++-------
Melee: Dagger            |    29 |   256 |   477 |    54 ||   816
       Bite              |     2 |    63 |   161 |    26 ||   252
 Fire: Blowgun           |       |    10 |    35 |    18 ||    63
  Use: Scroll            |       |    12 |     3 |     3 ||    18
 Stab: Sleeping          |    16 |     7 |     7 |       ||    30
       Distracted        |       |       |     1 |       ||     1
       Paralysed         |       |       |     1 |       ||     1
  Eat: Chunk             |     1 |     7 |     6 |       ||    14
       Ration            |       |       |     2 |       ||     2
Armor: Robe              |     1 |     5 |       |       ||     6
       Ring mail         |       |    84 |   103 |     7 ||   194
Dodge: Dodged            |     8 |   117 |   140 |    12 ||   277
Block: Buckler           |       |       |    13 |     4 ||    17
